| TOP OF THE 1ST |
|
Covington Blue Sox batting - Pitching for Pulaski Counts : RHP Mark Leiter
|
|
Pitching: RHP Mark Leiter
|
|
|
Batting: RHB Douglas Palmer
|
0-0: Ball 1-0: Ball 2-0: Ball 3-0: Base on Balls
|
|
Batting: RHB John Halasz
|
0-0: Ball 1-0: Called Strike 1-1: Ball 2-1: Foul Ball, location: 2F 2-2: Fly out, F8 (Flyball, 8RS, EV 83.1 MPH)
|
|
Batting: LHB Tito Nanni
|
0-0: Ball 1-0: Ball 2-0: Fielders Choice at 2nd, 4-6 (Groundball, 4, EV 90.0 MPH)
|
|
Batting: RHB Francisco Batista
|
0-0: Called Strike 0-1: Fielders Choice at 2nd, 5-4 (Groundball, 5, EV 90.0 MPH)
|
| Top of the 1st over - 0 runs, 0 hits, 0 errors, 1 left on base; Covington 0 - Pulaski 0 |
| BOTTOM OF THE 1ST |
|
Pulaski Counts batting - Pitching for Covington Blue Sox : RHP Javier Landeros
|
|
Pitching: RHP Javier Landeros
|
|
|
Batting: RHB Eric Jones
|
0-0: Ball 1-0: Fly out, F8 (Line Drive, 8LD, EV 91.9 MPH)
|
|
Batting: RHB Brett Benza
|
0-0: Ball 1-0: Fly out, F3 (Popup, 34S, EV 69.4 MPH)
|
|
Batting: RHB Roberto Kelly
|
0-0: Foul Ball, location: 2F 0-1: Fly out, F9 (Flyball, 9S, EV 80.0 MPH)
|
| Bottom of the 1st over - 0 runs, 0 hits, 0 errors, 0 left on base; Covington 0 - Pulaski 0 |
| TOP OF THE 2ND |
|
Covington Blue Sox batting - Pitching for Pulaski Counts : RHP Mark Leiter
|
|
Batting: RHB Reginald Dewar
|
0-0: Called Strike 0-1: Ground out 5-3 (Groundball, 56S, EV 86.9 MPH)
|
|
Batting: RHB Joseph Tarver
|
0-0: Foul Ball, location: 2F 0-1: Ground out 4-3 (Groundball, 34, EV 93.1 MPH)
|
|
Batting: RHB Bill White
|
0-0: Ball 1-0: Fly out, F9 (Flyball, 9, EV 88.8 MPH)
|
| Top of the 2nd over - 0 runs, 0 hits, 0 errors, 0 left on base; Covington 0 - Pulaski 0 |
| BOTTOM OF THE 2ND |
|
Pulaski Counts batting - Pitching for Covington Blue Sox : RHP Javier Landeros
|
|
Batting: RHB John DiGioia
|
0-0: Swinging Strike 0-1: Ball 1-1: Swinging Strike 1-2: Ball 2-2: Ground out 5-3 (Groundball, 5, EV 90.6 MPH)
|
|
Batting: SHB Steve Walker
|
0-0: Called Strike 0-1: Ball 1-1: Swinging Strike 1-2: Ball 2-2: Ball 3-2: Strikes out swinging, 2-3 out at first.
|
|
Batting: RHB Jeffrey Ahlert
|
0-0: Ground out 5-3 (Groundball, 56, EV 105.6 MPH)
|
| Bottom of the 2nd over - 0 runs, 0 hits, 0 errors, 0 left on base; Covington 0 - Pulaski 0 |
| TOP OF THE 3RD |
|
Covington Blue Sox batting - Pitching for Pulaski Counts : RHP Mark Leiter
|
|
Batting: LHB Scott Hood
|
0-0: Foul Ball, location: 2F 0-1: Ball 1-1: Swinging Strike 1-2: Ball 2-2: Ball 3-2: Foul Ball, location: 2F 3-2: Strikes out swinging
|
|
Batting: RHB Kenneth Bodle
|
0-0: Ground out 4-3 (Groundball, 4M, EV 80.0 MPH)
|
|
Batting: RHB Douglas Palmer
|
0-0: Foul Ball, location: 2F 0-1: Ball 1-1: Ball 2-1: Ball 3-1: Base on Balls
|
|
Batting: RHB John Halasz
|
0-0: Ball 1-0: Ball 2-0: Foul Ball, location: 2F 2-1: Ball 3-1: Ground out U3 (Groundball, 3, EV 101.9 MPH)
|
| Top of the 3rd over - 0 runs, 0 hits, 0 errors, 1 left on base; Covington 0 - Pulaski 0 |
| BOTTOM OF THE 3RD |
|
Pulaski Counts batting - Pitching for Covington Blue Sox : RHP Javier Landeros
|
|
Batting: RHB Elias Guzman
|
0-0: Ball 1-0: Foul Ball, location: 2F 1-1: Called Strike 1-2: Ball 2-2: Ball 3-2: Ground out 4-3 (Groundball, 4, EV 92.5 MPH)
|
|
Batting: LHB Jon Zureich
|
0-0: Called Strike 0-1: Ground out 3-1 (Groundball, 34S, EV 86.9 MPH)
|
|
Batting: RHB Dario Vasquez
|
0-0: Ball 1-0: Ball 2-0: Swinging Strike 2-1: Fly out, F9 (Line Drive, 9, EV 94.4 MPH)
|
| Bottom of the 3rd over - 0 runs, 0 hits, 0 errors, 0 left on base; Covington 0 - Pulaski 0 |
| TOP OF THE 4TH |
|
Covington Blue Sox batting - Pitching for Pulaski Counts : RHP Mark Leiter
|
|
Batting: LHB Tito Nanni
|
0-0: Ball 1-0: Foul Ball, location: 2F 1-1: Ground out 6-3 (Groundball, 56, EV 81.3 MPH)
|
|
Batting: RHB Francisco Batista
|
0-0: Foul Ball, location: 2F 0-1: Called Strike 0-2: Foul Ball, location: 2F 0-2: Ball 1-2: Strikes out swinging
|
|
Batting: RHB Reginald Dewar
|
0-0: Foul Ball, location: 2F 0-1: Fly out, F6 (Popup, 6, EV 50.0 MPH)
|
| Top of the 4th over - 0 runs, 0 hits, 0 errors, 0 left on base; Covington 0 - Pulaski 0 |
| BOTTOM OF THE 4TH |
|
Pulaski Counts batting - Pitching for Covington Blue Sox : RHP Javier Landeros
|
|
Batting: RHB Eric Jones
|
0-0: Foul Ball, location: 2F 0-1: Ball 1-1: Foul Ball, location: 2F 1-2: SOLO HOME RUN (Flyball, 78XD, EV 96.9 MPH), Distance : 404 ft
|
|
Batting: RHB Brett Benza
|
0-0: Called Strike 0-1: Ball 1-1: Hit by Pitch
|
|
Batting: RHB Roberto Kelly
|
0-0: Ball 1-0: Ball 2-0: Foul Ball, location: 2F 2-1: Swinging Strike 2-2: Ball 3-2: Strikes out swinging
|
|
Batting: RHB John DiGioia
|
0-0: Ball Brett Benza steals 2nd base 1-0: Ball 2-0: Fly out, F8 (Flyball, 89D, EV 102.5 MPH) Runner from 2nd tags up, SAFE at 3rd, no throw by CF
|
|
Batting: SHB Steve Walker
|
0-0: Ball 1-0: Ball 2-0: Fly out, F8 (Flyball, 8LXD, EV 98.1 MPH)
|
| Bottom of the 4th over - 1 run, 1 hit, 0 errors, 1 left on base; Covington 0 - Pulaski 1 |
| TOP OF THE 5TH |
|
Covington Blue Sox batting - Pitching for Pulaski Counts : RHP Mark Leiter
|
|
Batting: RHB Joseph Tarver
|
0-0: Ball 1-0: Ball 2-0: Swinging Strike 2-1: Fly out, F8 (Line Drive, 8LM, EV 87.5 MPH)
|
|
Batting: RHB Bill White
|
0-0: Ball 1-0: Ball 2-0: Ball 3-0: Called Strike 3-1: Foul Ball, location: 2F 3-2: Base on Balls
|
|
Batting: LHB Scott Hood
|
0-0: SINGLE (Groundball, 34D, EV 101.9 MPH) Bill White to second Runner from 2nd tries for 3rd, SAFE, no throw by RF
|
|
Batting: RHB Kenneth Bodle
|
0-0: Called Strike 0-1: Foul Ball, location: 2F 0-2: DOUBLE (Line Drive, 78D, EV 106.9 MPH) Bill White scores Scott Hood to third Runner from 3rd tries for Home, SAFE, no throw by CF
|
|
Batting: RHB Douglas Palmer
|
0-0: Called Strike 0-1: Called Strike 0-2: Foul Ball, location: 2F 0-2: Ball 1-2: Ground out 5-3 (Groundball, 56, EV 81.9 MPH)
|
|
Batting: RHB John Halasz
|
0-0: Ground out 6-3 (Groundball, 6, EV 86.9 MPH)
|
| Top of the 5th over - 2 runs, 2 hits, 0 errors, 1 left on base; Covington 2 - Pulaski 1 |
| BOTTOM OF THE 5TH |
|
Pulaski Counts batting - Pitching for Covington Blue Sox : RHP Javier Landeros
|
|
Batting: RHB Jeffrey Ahlert
|
0-0: Ball 1-0: Called Strike 1-1: Foul Ball, location: 2F 1-2: Ball 2-2: SINGLE (Groundball, 6D, EV 96.9 MPH)
|
|
Batting: RHB Elias Guzman
|
0-0: Bunted foul 0-1: Ball 1-1: Ball 2-1: Sac Bunt to 2R - play at first, batter OUT! 2-4 Jeffrey Ahlert to second
|
|
Batting: LHB Jon Zureich
|
0-0: Foul Ball, location: 2F 0-1: Called Strike 0-2: Ball 1-2: Fly out, F9 (Flyball, 89S, EV 82.5 MPH)
|
|
Batting: RHB Dario Vasquez
|
0-0: Swinging Strike 0-1: Called Strike 0-2: Ball 1-2: Foul Ball, location: 2F 1-2: Foul Ball, location: 2F 1-2: Ball 2-2: Ball 3-2: Strikes out swinging
|
| Bottom of the 5th over - 0 runs, 1 hit, 0 errors, 1 left on base; Covington 2 - Pulaski 1 |
| TOP OF THE 6TH |
|
Covington Blue Sox batting - Pitching for Pulaski Counts : RHP Mark Leiter
|
|
Batting: LHB Tito Nanni
|
0-0: Called Strike 0-1: Foul Ball, location: 2F 0-2: Ball 1-2: Foul Ball, location: 2F 1-2: Ball 2-2: Ball 3-2: Base on Balls
|
|
Batting: RHB Francisco Batista
|
0-0: Swinging Strike 0-1: Fly out, F9 (Flyball, 9LM, EV 102.5 MPH) Runner from 1st tags up, SAFE at 2nd
|
|
Batting: RHB Reginald Dewar
|
0-0: Called Strike Tito Nanni is caught stealing 3rd base 2-5 0-1: Ground out U3 (Groundball, 34S, EV 83.1 MPH)
|
| Top of the 6th over - 0 runs, 0 hits, 0 errors, 0 left on base; Covington 2 - Pulaski 1 |
| BOTTOM OF THE 6TH |
|
Pulaski Counts batting - Pitching for Covington Blue Sox : RHP Javier Landeros
|
|
Batting: RHB Eric Jones
|
0-0: Called Strike 0-1: Ball 1-1: Ground out 5-3 (Groundball, 56, EV 106.9 MPH)
|
|
Batting: RHB Brett Benza
|
0-0: Ball 1-0: SINGLE (Groundball, 5D, EV 95.6 MPH)
|
|
Batting: RHB Roberto Kelly
|
0-0: Ball 1-0: Ball 2-0: Swinging Strike 2-1: Fly out, F7 (Flyball, 78M, EV 90.0 MPH)
|
|
Batting: RHB John DiGioia
|
0-0: Ball 1-0: Ball 2-0: Fielders Choice at 2nd, 6-4 (Groundball, 6, EV 106.3 MPH)
|
| Bottom of the 6th over - 0 runs, 1 hit, 0 errors, 1 left on base; Covington 2 - Pulaski 1 |
| TOP OF THE 7TH |
|
Covington Blue Sox batting - Pitching for Pulaski Counts : RHP Mark Leiter
|
|
Batting: RHB Joseph Tarver
|
0-0: Ball 1-0: Foul Ball, location: 2F 1-1: DOUBLE (Line Drive, 7LM, EV 105.0 MPH)
|
|
Batting: RHB Bill White
|
0-0: Fly out, F8 (Flyball, 78M, EV 92.5 MPH)
|
|
Batting: LHB Scott Hood
|
0-0: Called Strike 0-1: Ball 1-1: Ball 2-1: Called Strike 2-2: Ball 3-2: Ground out 4-3 (Groundball, 4S, EV 68.1 MPH) Joseph Tarver to third
|
|
Batting: RHB Kenneth Bodle
|
0-0: Called Strike 0-1: Ground out 1-3 (Groundball, 13S, EV 73.8 MPH)
|
| Top of the 7th over - 0 runs, 1 hit, 0 errors, 1 left on base; Covington 2 - Pulaski 1 |
| BOTTOM OF THE 7TH |
|
Pulaski Counts batting - Pitching for Covington Blue Sox : RHP Javier Landeros
|
|
Batting: SHB Steve Walker
|
0-0: Ground out 4-3 (Groundball, 4, EV 85.6 MPH)
|
|
Batting: RHB Jeffrey Ahlert
|
0-0: Ground out 6-3 (Groundball, 6, EV 86.9 MPH)
|
|
Batting: RHB Elias Guzman
|
0-0: Ball 1-0: Ball 2-0: Ball 3-0: Base on Balls
|
|
Batting: LHB Jon Zureich
|
0-0: Ball 1-0: Called Strike 1-1: Ball 2-1: Called Strike 2-2: Foul Ball, location: 2F 2-2: Ground out 4-3 (Groundball, 4, EV 83.8 MPH)
|
| Bottom of the 7th over - 0 runs, 0 hits, 0 errors, 1 left on base; Covington 2 - Pulaski 1 |
| TOP OF THE 8TH |
|
Covington Blue Sox batting - Pitching for Pulaski Counts : RHP Mark Leiter
|
|
Batting: RHB Douglas Palmer
|
0-0: Ball 1-0: Foul Ball, location: 2F 1-1: Ball 2-1: Called Strike 2-2: SINGLE (Line Drive, 7S, EV 84.4 MPH)
|
|
Batting: RHB John Halasz
|
0-0: Ball 1-0: Ball 2-0: Called Strike 2-1: Called Strike 2-2: Foul Ball, location: 2F 2-2: Ball 3-2: Ground out U3 (Groundball, 3, EV 84.4 MPH) Douglas Palmer to second
|
|
Batting: LHB Tito Nanni
|
0-0: Intentional Walk
|
|
Batting: RHB Francisco Batista
|
0-0: Ball Douglas Palmer steals 3rd base Tito Nanni to second 1-0: Ball 2-0: SINGLE (Line Drive, 56D, EV 97.5 MPH) Douglas Palmer scores Tito Nanni to third Runner from 3rd tries for Home, SAFE, throw by LF to home
|
|
Batting: RHB Reginald Dewar
|
0-0: Ball 1-0: Called Strike 1-1: Swinging Strike 1-2: Ball 2-2: Strikes out swinging
|
|
Batting: RHB Joseph Tarver
|
0-0: Called Strike 0-1: Ball 1-1: Ball 2-1: Foul Ball, location: 2F 2-2: Ball 3-2: Base on Balls Francisco Batista to second
|
|
Batting: RHB Bill White
|
0-0: Foul Ball, location: 2F 0-1: Foul Ball, location: 2F 0-2: Foul Ball, location: 2F 0-2: SINGLE (Groundball, 4D, EV 100.6 MPH) Francisco Batista to third Joseph Tarver to second Runner from 3rd tries for Home, SAFE, throw by CF to home
|
|
Batting: LHB Scott Hood
|
0-0: Swinging Strike 0-1: Ball 1-1: Foul Ball, location: 2F 1-2: Ball 2-2: SINGLE (Flyball, 5D, EV 92.5 MPH) Joseph Tarver to third Bill White to second Runner from 3rd tries for Home, SAFE, throw by LF to home
|
|
Pitching: RHP Dorn Taylor
|
|
|
Batting: RHB Kenneth Bodle
|
0-0: Ball 1-0: Ball 2-0: Swinging Strike 2-1: Ground out 6-3 (Groundball, 56, EV 98.1 MPH)
|
| Top of the 8th over - 4 runs, 4 hits, 0 errors, 2 left on base; Covington 6 - Pulaski 1 |
| BOTTOM OF THE 8TH |
|
Pulaski Counts batting - Pitching for Covington Blue Sox : RHP Javier Landeros
|
|
Batting: RHB Dario Vasquez
|
0-0: Fly out, F7 (Flyball, 78D, EV 98.1 MPH)
|
|
Batting: RHB Eric Jones
|
0-0: Called Strike 0-1: Ball 1-1: Ball 2-1: Swinging Strike 2-2: Foul Ball, location: 2F 2-2: Fly out, F7 (Flyball, 7LM, EV 93.1 MPH)
|
|
Batting: RHB Brett Benza
|
0-0: Ball 1-0: Ball 2-0: Ball 3-0: Base on Balls
|
|
Batting: RHB Roberto Kelly
|
0-0: Called Strike 0-1: Ball 1-1: Ball 2-1: Ball Passed Ball! Brett Benza to second 3-1: Fly out, F7 (Flyball, 7D, EV 83.8 MPH)
|
| Bottom of the 8th over - 0 runs, 0 hits, 0 errors, 1 left on base; Covington 6 - Pulaski 1 |
| TOP OF THE 9TH |
|
Covington Blue Sox batting - Pitching for Pulaski Counts : RHP Dorn Taylor
|
|
Batting: RHB Douglas Palmer
|
0-0: Called Strike 0-1: Ball 1-1: Ball 2-1: Foul Ball, location: 2F 2-2: Foul Ball, location: 2F 2-2: SINGLE (Groundball, 56D, EV 101.3 MPH)
|
|
Batting: RHB John Halasz
|
0-0: Ball Douglas Palmer is caught stealing 2nd base 2-4 1-0: Foul Ball, location: 2F 1-1: Swinging Strike 1-2: Strikes out swinging
|
|
Batting: LHB Tito Nanni
|
0-0: Ball 1-0: DOUBLE (Line Drive, 7LS, EV 95.6 MPH)
|
|
Batting: RHB Francisco Batista
|
0-0: Ball 1-0: Called Strike 1-1: Called Strike 1-2: Ball 2-2: Strikes out swinging
|
| Top of the 9th over - 0 runs, 2 hits, 0 errors, 1 left on base; Covington 6 - Pulaski 1 |
| BOTTOM OF THE 9TH |
|
Pulaski Counts batting - Pitching for Covington Blue Sox : RHP Javier Landeros
|
|
Batting: RHB John DiGioia
|
0-0: Called Strike 0-1: Ball 1-1: Ground out 6-3 (Groundball, 56, EV 88.8 MPH)
|
|
Batting: SHB Steve Walker
|
0-0: Foul Ball, location: 2F 0-1: Foul Ball, location: 2F 0-2: SINGLE (Groundball, 6S, EV 71.3 MPH) (infield hit)
|
|
Batting: RHB Jeffrey Ahlert
|
0-0: Foul Ball, location: 2F 0-1: Foul Ball, location: 2F 0-2: Ground out 5-3 (Groundball, 25, EV 72.5 MPH) Steve Walker to second
|
|
Batting: RHB Elias Guzman
|
0-0: Fly out, F7 (Flyball, 7, EV 85.6 MPH)
|
| Bottom of the 9th over - 0 runs, 1 hit, 0 errors, 1 left on base; Covington 6 - Pulaski 1 |
|